 Dungeon Crawl Stone Soup version 0.25.1-2-g60ff931df9 (webtiles) character file.

Game seed: 81295996954559427

53 selver the Shooter (level 3, -9/30 HPs)
             Began as a Centaur Hunter on Oct 16, 2020.
             Killed by nerve-wracking pain
             ... invoked by Jessica
              (14 damage)
             ... on level 2 of the Dungeon.
             The game lasted 00:05:24 (1581 turns).

selver the Shooter (Centaur Hunter)                 Turns: 1581, Time: 00:05:25

Health: -9/30      AC: 11    Str: 15    XL:     3   Next: 64%
Magic:  3/3        EV:  2    Int: 10    God:
Gold:   110        SH:  0    Dex:  9    Spells: 2/2 levels left

rFire    . . .     SeeInvis .   b - +0 dagger
rCold    . . .     Gourm    .   (no shield)
rNeg     . . .     Faith    .   k - +0 chain mail
rPois    .         Spirit   .   (no helmet)
rElec    .         Reflect  .   (no cloak)
rCorr    .         Harm     .   (no gloves)
MR       .....                  n - +0 centaur barding
Stlth    ..........             (no amulet)
HPRegen  0.10/turn              (no ring)
MPRegen  0.08/turn              (no ring)

@: slowed
A: large, hooves 3, deformed body, speed 2, tough skin 3
a: no special abilities


You were on level 2 of the Dungeon.
You were not hungry.

You visited 1 branch of the dungeon, and saw 2 of its levels.

You collected 110 gold pieces.

Inventory:

Hand Weapons
 a - a +1 shortbow
 b - a +0 dagger (weapon)
 l - a +0 short sword
Missiles
 d - 19 arrows
 o - 12 bolts
Armour
 k - a +0 chain mail (worn)
 n - a +0 centaur barding (worn)
Scrolls
 e - a scroll of noise {unknown}
 g - a scroll of magic mapping {unknown}
 h - a scroll of remove curse {unknown}
 i - 2 scrolls of identify {unknown}
 m - a scroll of teleportation {unknown}
Comestibles
 f - 6 rations
 j - 3 chunks of flesh


   Skills:
 + Level 2.8 Fighting
 * Level 6.6 Bows
 - Level 1.3 Dodging
 - Level 0.4 Stealth


You had 2 spell levels left.
You didn't know any spells.
Your spell library was empty.

Dungeon Overview and Level Annotations

Branches:
Dungeon (2/15)

Altars:

Annotations:
D:2 Jessica


Innate Abilities, Weirdness & Mutations

You have hooves in place of feet.
Armour fits poorly on your strangely shaped body.
You cover ground very quickly.
You have extremely tough skin. (AC +3)


Message History

Jessica seems to speed up.
A worm comes into view.
Jessica gestures at you while chanting.
You feel yourself slow down.
Jessica points at you and mumbles some strange words.
Pain shoots through your body!
* * * LOW HITPOINT WARNING * * *
Jessica gestures wildly while chanting.
Jessica blinks!
Jessica hits you but does no damage. Jessica casts a spell at you.
Pain shoots through your body!
* * * LOW HITPOINT WARNING * * *
You aren't carrying any potions.
Jessica hits you but does no damage.
Jessica casts a spell.
Jessica blinks!
Jessica casts a spell at you. Pain shoots through your body!
You die...

# ##..##.#### ########## #..##
# .........# #...# .....(...#
#g.#..# .........# #..##.#
.........# #..# .# .........#
#..##.#
......[.############g..#.#####
........'....@..@ยง............
........##############...######
...............................
###.....#<#############..######
# #.....#.# ##.# ###...###.# >.
..'...'...# ### ###...#####
#...#


You could see Jessica (fast) and a goblin.

Vanquished Creatures
  2 adders (D:2)
  An ooze (D:2)
  A worm (D:2)
  A leopard gecko (D:2)
  2 giant cockroaches (D:1)
  5 goblins
  3 hobgoblins
  2 jackals (D:1)
  2 bats (D:1)
  5 frilled lizards
  3 kobolds (D:1)
  4 rats
31 creatures vanquished.

Notes
Turn   | Place    | Note
-------+----------+-------------------------------------------
     0 | D:1      | selver the Centaur Hunter began the quest for the Orb.
     0 | D:1      | Reached XP level 1. HP: 17/17 MP: 1/1
   422 | D:1      | Reached XP level 2. HP: 24/24 MP: 2/2
   902 | D:1      | Reached skill level 6 in Bows
  1196 | D:2      | Reached XP level 3. HP: 22/30 MP: 3/3
  1562 | D:2      | Noticed Jessica
  1581 | D:2      | Killed from afar by Jessica

Illustrated notes

Levels and vault maps discovered:
D:1:      denvon_arrival_planthouse, layout_basic
D:2:      layout_basic, first_ration, uniq_jessica

Skill      XL: |  1  2 |
---------------+-------+-----
Bows           | 6 |  6.6
Fighting       | |  2.8
Dodging        | |  1.3
Stealth        | |  0.4

Action                   || total
-------------------------++-------
Melee: Short sword       ||    37
       Kick              ||    19
       Dagger            ||    59
 Fire: Shortbow          ||    21
  Eat: Chunk             ||     1
Armor: Leather armour    ||    36
       Chain mail        ||    12
Dodge: Dodged            ||    37
